 Dungeon Crawl Stone Soup version 0.22-a0-406-g9ff8d77 (webtiles) character file.

9261 nikopol the Thaumaturge (level 11, -1/57 HPs)
             Began as a Deep Elf Fire Elementalist on May 5, 2018.
             Was a Priest of Vehumet.
             Slain by a blink frog (15 damage)
             ... on level 2 of the Lair of Beasts on May 8, 2018.
             The game lasted 00:39:58 (9911 turns).

nikopol the Thaumaturge (DEFE)                      Turns: 9911, Time: 00:39:59

Health: -1/57      AC:  6    Str:  5    XL:     11   Next: 20%
Magic:  24/44      EV: 15    Int: 24    God:    Vehumet [***...]
Gold:   477        SH:  5    Dex: 15    Spells: 20/35 levels left

rFire    . . .     SeeInvis .   r - staff of power
rCold    . . .     Gourm    .   n - +0 buckler
rNeg     . . .     Faith    .   w - +1 robe "Rott" {rPois}
rPois    +         Spirit   .   (no helmet)
rElec    .         Reflect  .   (no cloak)
rCorr    .         Harm     .   p - +2 pair of gloves
MR       +....                  (no boots)
Stlth    +++.......             e - amulet of regeneration
HPRegen  0.59/turn              (no ring)
MPRegen  0.29/turn              (no ring)

@: slowed, very slow
A: no striking features
a: Renounce Religion


You were on level 2 of the Lair of Beasts.
You worshipped Vehumet.
Vehumet was most pleased with you.
You were not hungry.

You visited 3 branches of the dungeon, and saw 11 of its levels.

You collected 477 gold pieces.

Inventory:

Armour
 n - a +0 buckler (worn)
 p - a +2 pair of gloves (worn)
 w - the +1 robe "Rott" (worn) {rPois}
   (You found it on level 6 of the Dungeon)

   It protects you from poison.
Magical Staves
 r - an uncursed staff of power (weapon)
Jewellery
 e - an amulet of regeneration (around neck)
 E - an uncursed amulet of rage {unknown}
Wands
 d - a wand of polymorph (10)
 u - a wand of acid (8)
 D - a wand of scattershot (5)
Scrolls
 g - 3 scrolls of enchant weapon
 h - 5 scrolls of identify {unknown}
 i - 2 scrolls of magic mapping {unknown}
 m - 2 scrolls of teleportation {unknown}
 o - a scroll of amnesia {unknown}
 q - 3 scrolls of remove curse
 t - a scroll of summoning {unknown}
 x - a scroll of random uselessness {unknown}
 y - 5 scrolls of fear {unknown}
 z - 2 scrolls of blinking {unknown}
 C - 3 scrolls of enchant armour {unknown}
Potions
 a - a potion of haste {unknown}
 b - 3 potions of cancellation {unknown}
 f - 3 potions of heal wounds {unknown}
 j - 2 potions of degeneration {unknown}
 k - a potion of agility {unknown}
 l - 4 potions of curing {unknown}
 s - 4 potions of might {unknown}
 v - a potion of lignification {unknown}
 A - a potion of ambrosia {unknown}
 B - a potion of flight {unknown}
Comestibles
 c - 18 rations


   Skills:
 + Level 1.6 Fighting
 + Level 5.1 Dodging
 + Level 4.1 Stealth
 * Level 5.8 Shields
 + Level 12.5 Spellcasting
 + Level 8.3 Conjurations
 + Level 10.4 Fire Magic


You had 20 spell levels left.
You knew the following spells:

 Your Spells              Type           Power        Failure   Level  Hunger
a - Flame Tongue          Conj/Fire      #####        1%          1    None
b - Throw Flame           Conj/Fire      ######       1%          2    None
c - Conjure Flame         Conj/Fire      ######..     1%          3    None
d - Sticky Flame          Conj/Fire      ######..     1%          4    None
e - Fireball              Conj/Fire      ######....   1%          5    ###....


Dungeon Overview and Level Annotations

Branches:
Dungeon (8/15)             Temple (1/1) D:4            Lair (2/6) D:8
  Swamp: Lair:2-4    Shoals: Lair:2-4     Snake: Lair:2-4    Spider: Lair:2-4

Altars:
Ashenzari
Cheibriados
Dithmenos
Gozag
Hepliaklqana
Kikubaaqudgha
Makhleb
Nemelex Xobeh
Ru
Sif Muna
Uskayaw
Vehumet
Wu Jian
Xom
Zin


Message History

The yak burns!
The blink frog blinks!
The yak gores you!
You feel yourself speed up.
The bullfrog gives a loud, deep croak!
The yak burns! x2
The yak burns!
The yak burns!
You kill the yak!
Vehumet accepts your kill.
You feel your power returning.
Being near the torpor snail leaves you feeling lethargic.
The blink frog blinks!
The yak gores you! The blink frog misses you.
The blink frog blinks!
The blink frog hits you!
* * * LOW HITPOINT WARNING * * *
The yak barely misses you.
The blink frog blinks!
The blink frog barely misses you.
The blink frog blinks!
You block the blink frog's attack. The blink frog misses you.
The blink frog hits you!
You die...

............#
.........[..#
............#
............##
.............#
............P#
........<...##
.............#
..#####.##@..#
#####F##
####YF#
####..##F#
..F......##
........w.#
##.##P#...#
###.F.# #...##


You could see a torpor snail, 3 blink frogs and a bullfrog.

Vanquished Creatures
  A hydra (Lair:1)
  2 spiny frogs (Lair:1)
  A komodo dragon (D:8)
  3 hippogriffs
  11 blink frogs
  A human (D:8)
  7 yaks
  4 hogs (D:8)
  A hungry ghost (D:8)
  3 wargs (D:8)
  A water moccasin (D:6)
  2 porcupines
  2 phantoms
  2 sky beasts
  A black bear (D:3)
  A necrophage (D:5)
  4 ice beasts
  An ogre (D:5)
  2 centaurs
  2 crocodiles (Lair:1)
  A big kobold (D:5)
  A bullfrog (Lair:2)
  A scorpion (D:5)
  3 wights (D:7)
  3 killer bees
  4 hounds
  4 orc priests
  A jelly (D:5)
  3 orc wizards
  A bullfrog skeleton (D:8)
  An iguana (D:8)
  3 worker ants
  A hound zombie (D:7)
  3 gnolls (D:6)
  12 adders
  2 shadow imps
  3 oozes
  An adder zombie (D:6)
  3 adder skeletons
  4 worms
  3 dart slugs
  7 leopard geckos
  18 orcs
  A ball python (D:3)
  5 giant cockroaches
  10 goblins
  8 hobgoblins
  4 jackals
  24 kobolds
  3 quokkas
  4 bats
  5 frilled lizards
  A jackal skeleton (D:5)
  A quokka skeleton (D:6)
  13 rats
  A plant (D:5)
215 creatures vanquished.

Vanquished Creatures (others)
  2 plants (D:5)
2 creatures vanquished.

Grand Total: 217 creatures vanquished

Notes
Turn   | Place    | Note
-------+----------+-------------------------------------------
     0 | D:1      | nikopol the Deep Elf Fire Elementalist began the quest for the Orb.
     0 | D:1      | Reached XP level 1. HP: 10/10 MP: 6/6
   137 | D:1      | Reached XP level 2. HP: 15/15 MP: 2/8
   321 | D:1      | Upgraded the game from 0.22-a0-398-g8bb545f to 0.22-a0-406-g9ff8d77
   688 | D:1      | Reached XP level 3. HP: 19/19 MP: 8/10
  1090 | D:2      | Learned a level 2 spell: Throw Flame
  1094 | D:2      | Learned a level 3 spell: Conjure Flame
  1140 | D:2      | Reached skill level 4 in Spellcasting
  1294 | D:2      | Reached XP level 4. HP: 24/24 MP: 7/12
  1560 | D:3      | Found a sparkling altar of Nemelex Xobeh.
  1584 | D:3      | Found an ancient bone altar of Kikubaaqudgha.
  1741 | D:3      | Noticed a black bear
  1747 | D:3      | Killed a black bear
  1747 | D:3      | Reached skill level 5 in Spellcasting
  1747 | D:3      | Reached XP level 5. HP: 28/28 MP: 4/14
  1820 | D:3      | Learned a level 4 spell: Sticky Flame
  2494 | D:3      | Found a snail-covered altar of Cheibriados.
  2644 | D:4      | Found a staircase to the Ecumenical Temple.
  2654 | Temple   | Entered the Ecumenical Temple
  2667 | Temple   | Became a worshipper of Vehumet
  2879 | D:4      | Noticed a phantom
  2895 | D:4      | Killed a phantom
  2895 | D:4      | Reached skill level 6 in Spellcasting
  2895 | D:4      | Reached skill level 5 in Fire Magic
  2895 | D:4      | Reached XP level 6. HP: 28/32 MP: 3/17
  2902 | D:4      | Learned a level 5 spell: Fireball
  3364 | D:4      | Got an ancient dagger
  3869 | D:5      | Entered Level 5 of the Dungeon
  4681 | D:5      | Reached * piety under Vehumet
  4681 | D:5      | Offered knowledge of Shock by Vehumet.
  4755 | D:5      | Reached XP level 7. HP: 37/37 MP: 7/18
  5241 | D:5      | Reached skill level 1 in Shields
  5241 | D:5      | Reached skill level 7 in Spellcasting
  6121 | D:6      | Reached XP level 8. HP: 32/42 MP: 16/21
  6310 | D:6      | Got a crude robe
  6321 | D:6      | Identified the +1 robe "Rott" {rPois} (You found it on level 6 of the Dungeon)
  6356 | D:6      | Offered knowledge of Searing Ray by Vehumet.
  6358 | D:6      | Reached ** piety under Vehumet
  6532 | D:6      | Reached skill level 8 in Spellcasting
  6672 | D:6      | Found an opulent altar of Gozag.
  6672 | D:6      | Found a sacrificial altar of Ru.
  6673 | D:6      | Found a shattered altar of Ashenzari.
  6718 | D:6      | Found a snail-covered altar of Cheibriados.
  6909 | D:6      | Found a hide-covered altar of Uskayaw.
  6930 | D:6      | Found a deep blue altar of Sif Muna.
  7254 | D:7      | Reached skill level 9 in Spellcasting
  7322 | D:7      | Noticed a hippogriff
  7333 | D:7      | Killed a hippogriff
  7333 | D:7      | Reached skill level 5 in Conjurations
  7380 | D:7      | Identified the +3 dagger of the Warrior-Mage {freeze, Str+2} (You found it on level 4 of the Dungeon)
  7500 | D:7      | Noticed a hippogriff
  7910 | D:7      | Killed a hippogriff
  7910 | D:7      | Reached skill level 1 in Fighting
  7910 | D:7      | Reached XP level 9. HP: 38/47 MP: 24/24
  8218 | D:8      | Offered knowledge of Stone Arrow by Vehumet.
  8218 | D:8      | Reached skill level 10 in Spellcasting
  8579 | D:8      | Reached *** piety under Vehumet
  8582 | D:8      | Found a staircase to the Lair.
  8783 | D:8      | Reached skill level 11 in Spellcasting
  8787 | D:8      | Reached XP level 10. HP: 52/52 MP: 27/27
  9075 | Lair:1   | Entered Level 1 of the Lair of Beasts
  9090 | Lair:1   | Reached skill level 5 in Shields
  9341 | Lair:1   | Noticed a spiny frog
  9347 | Lair:1   | Killed a spiny frog
  9347 | Lair:1   | Reached skill level 12 in Spellcasting
  9354 | Lair:1   | Offered knowledge of Dazzling Spray by Vehumet.
  9358 | Lair:1   | Noticed a six-headed hydra
  9363 | Lair:1   | Killed a six-headed hydra
  9363 | Lair:1   | Reached skill level 5 in Dodging
  9369 | Lair:1   | Reached skill level 10 in Fire Magic
  9543 | Lair:1   | Noticed a spiny frog
  9787 | Lair:1   | Killed a spiny frog
  9869 | Lair:2   | Reached XP level 11. HP: 57/57 MP: 29/29
  9911 | Lair:2   | Slain by a blink frog

Vault maps used:
D:1:      matt_arrival_spirals
D:2:      first_ration
D:3:      nemelex_xobeh_ov_fountains_minmay, lemuel_doored_altar,
          lemuel_coloured_pillars_altar
D:4:      lemuel_temple_firewalk_b, serial_park_tiny_pond,
          kennysheep_generic_room_15
D:5:      kennysheep_kobold_camp, minivault_24, roderic_serpentine_path,
          small_statue_intersection
D:6:      nicolae_overflow_quartered_altars, marbit_many_paths,
          cheibrodos_worm_habitat
D:8:      erik_lair_orcish_takeover, grunt_livestock, minmay_misc_feat_diagonals
Temple:   nicolae_temple_great_sept
Lair:1:   infiniplex_staircase_pool, grunt_megastairs_5
Lair:2:   minmay_shoals_entry_beasts, grunt_megastairs_3,
          infiniplex_staircase_pool_2

Skill      XL: |  1  2  3  4  5  6  7  8  9 10 |
---------------+-------------------------------+-----
Fire Magic     | 4 5 6 7 8 10 | 10.4
Stealth        | 3 4 |  4.1
Spellcasting   | 4 5 6 7 9 11 12 | 12.5
Conjurations   | 2 3 4 5 6 8 |  8.3
Shields        | 1 3 4 5 |  5.8
Dodging        | 3 5 |  5.1
Fighting       | 1 |  1.6

Action                   |  1- 3 |  4- 6 |  7- 9 | 10-12 || total
-------------------------+-------+-------+-------+-------++-------
Melee: Dagger            |     1 |     1 |     8 |       ||    10
       Staff             |       |       |       |     4 ||     4
 Cast: Flame Tongue      |    77 |   124 |   181 |    15 ||   397
       Throw Flame       |       |     5 |    15 |     7 ||    27
       Conjure Flame     |       |     3 |     4 |       ||     7
       Sticky Flame      |       |     7 |    21 |    12 ||    40
       Fireball          |       |       |    13 |    22 ||    35
  Use: Scroll            |       |     2 |     2 |     1 ||     5
  Eat: Chunk             |       |     8 |    13 |     3 ||    24
       Ration            |       |     1 |     1 |     1 ||     3
Armor: Robe              |     3 |     2 |    33 |    14 ||    52
Dodge: Dodged            |    26 |    15 |    56 |    34 ||   131
Block: Buckler           |       |     2 |    31 |    11 ||    44

Table legend:
 A = Spawn XP
 B = Non-spawn XP
 C = Spawn XP percentage of total XP
 D = Spawn monster count
 E = Non-spawn monster count
 F = Spawn count percentage of total count
 G = Total turns spent on level
                    A         B        C        D         E        F      G
               +---------+---------+-------+---------+---------+-------+---------
         Total |       0 |   13231 |   0.0 |       0 |     214 |   0.0 |  9911
               +---------+---------+-------+---------+---------+-------+---------
           D:1 |       0 |      58 |   0.0 |       0 |      30 |   0.0 |   981
           D:2 |       0 |      62 |   0.0 |       0 |      22 |   0.0 |   557
           D:3 |       0 |     157 |   0.0 |       0 |      15 |   0.0 |   998
           D:4 |       0 |     230 |   0.0 |       0 |       9 |   0.0 |  1324
           D:5 |       0 |     630 |   0.0 |       0 |      36 |   0.0 |  2179
           D:6 |       0 |     645 |   0.0 |       0 |      22 |   0.0 |   982
           D:7 |       0 |    1405 |   0.0 |       0 |      21 |   0.0 |  1100
           D:8 |       0 |    3551 |   0.0 |       0 |      35 |   0.0 |  1146
        Lair:1 |       0 |    4216 |   0.0 |       0 |      14 |   0.0 |   573
        Lair:2 |       0 |    2277 |   0.0 |       0 |      10 |   0.0 |    47
               +---------+---------+-------+---------+---------+-------+---------
